General information
- name: BNet
- type: Ladder team game (AT/RT)
- host: Battle.net
- saver: brucewillisusa
map: Mur'gulOasis
- players: 8
- length: 10:53
- speed: Fast
- version: 1.24 W3XP
- replay type: Public
» download(80 KB)
Players
team 1 (winner)

»
brucewillisusa (
yellow | 70 APM | 761 actions | 10:53)
4 Firelord
2 Summon Lava Spawn
2 Soul Burn
» actions
| Assign group hotkey | 59 | |
| Basic commands | 36 | |
| Build / train | 50 | |
| ESC pressed | 2 | |
| Enter build submenu | 22 | |
| Enter hero's abilities submenu | 5 | |
| Remove unit from queue | 1 | |
| Right click | 268 | |
| Select / deselect | 143 | |
| Select group hotkey | 126 | |
| Use ability | 49 | |
761 total
» units
| Peasant | 17 | |
| Footman | 10 | |
| Rifleman | 4 | |
31 total
» upgrades
| Defend | 1 | |
| Masonry | 1 | |
| Long Rifles | 0 | |
| Lumber Harvesting | 1 | |
3 total
» buildings
| Altar of Kings | 1 | |
| Farm | 4 | |
| Barracks | 1 | |
| Lumber Mill | 1 | |
| Scout Tower | 8 | |
| Guard Tower | 5 | |
| Blacksmith | 1 | |
| Keep | 1 | |
| Town Hall | 2 | |
| Castle | 2 | |
| Gryphon Aviary | 3 | |
29 total
» build order
00:08 Altar of Kings
00:12 Farm
00:50 Barracks
00:54 Lumber Mill
01:21 Farm
02:05 Farm
03:11 Farm
04:42 Scout Tower
04:42 Scout Tower
04:46 Scout Tower
04:47 Scout Tower
05:10 Guard Tower
05:15 Guard Tower
05:48 Scout Tower
05:49 Scout Tower
05:50 Scout Tower
06:03 Blacksmith
06:15 Scout Tower
06:20 Guard Tower
06:36 Guard Tower
06:48 Guard Tower
06:50 Keep
07:28 Town Hall
07:31 Town Hall
09:16 Castle
09:16 Castle
10:12 Gryphon Aviary
10:14 Gryphon Aviary
10:18 Gryphon Aviary

»
KoH_DarK (
green | 50 APM | 541 actions | 10:52)
3 Firelord
2 Summon Lava Spawn
1 Soul Burn
1 Shadow Hunter
1 Hex
» actions
| Assign group hotkey | 13 | |
| Build / train | 34 | |
| Enter build submenu | 16 | |
| Enter hero's abilities submenu | 4 | |
| Right click | 240 | |
| Select / deselect | 131 | |
| Select group hotkey | 81 | |
| Use ability | 22 | |
541 total
» units
| Peon | 9 | |
| Troll Headhunter/Berserker | 9 | |
| Raider | 5 | |
23 total
» upgrades
| Armor | 1 | |
| Ranged Weapons | 1 | |
| Ensnare | 1 | |
| Melee Weapons | 1 | |
4 total
» buildings
| Orc Burrow | 6 | |
| Altar of Storms | 1 | |
| War Mill | 1 | |
| Barracks | 1 | |
| Voodoo Lounge | 1 | |
| Stronghold | 1 | |
| Watch Tower | 2 | |
| Beastiary | 3 | |
16 total
» build order
00:23 Orc Burrow
00:39 Altar of Storms
00:57 War Mill
01:17 Barracks
01:44 Orc Burrow
02:16 Voodoo Lounge
02:48 Orc Burrow
04:38 Stronghold
06:14 Watch Tower
06:16 Watch Tower
07:03 Beastiary
07:07 Beastiary
07:11 Beastiary
08:21 Orc Burrow
08:25 Orc Burrow
09:23 Orc Burrow

»
ASIANS_SMELLBAD (
blue | 76 APM | 826 actions | 10:52)
4 Firelord
2 Summon Lava Spawn
1 Soul Burn
1 Incinerate
» actions
| Assign group hotkey | 64 | |
| Basic commands | 68 | |
| Build / train | 34 | |
| Enter build submenu | 13 | |
| Enter hero's abilities submenu | 4 | |
| Right click | 263 | |
| Select / deselect | 159 | |
| Select group hotkey | 197 | |
| Use ability | 24 | |
826 total
» units
| Wisp | 9 | |
| Archer | 14 | |
| Faerie Dragon | 4 | |
27 total
» buildings
| Moon Well | 6 | |
| Altar of Elders | 1 | |
| Ancient of War | 2 | |
| Tree of Ages | 1 | |
| Hunter's Hall | 1 | |
| Tree of Eternity | 1 | |
| Ancient of Wind | 2 | |
| Ancient of Wonders | 1 | |
15 total
» build order
00:15 Moon Well
00:18 Altar of Elders
01:01 Ancient of War
01:39 Moon Well
01:57 Moon Well
02:58 Ancient of War
05:10 Moon Well
05:47 Tree of Ages
06:45 Moon Well
07:27 Hunter's Hall
08:18 Tree of Eternity
08:20 Ancient of Wind
08:51 Ancient of Wind
08:54 Ancient of Wonders
10:49 Moon Well

»
watuzi (
red | 35 APM | 383 actions | 10:52)
3 Firelord
2 Summon Lava Spawn
1 Incinerate
1 Archmage
1 Summon Water Elemental
» actions
| Assign group hotkey | 10 | |
| Basic commands | 35 | |
| Build / train | 44 | |
| Enter build submenu | 12 | |
| Enter hero's abilities submenu | 4 | |
| Remove unit from queue | 2 | |
| Right click | 56 | |
| Select / deselect | 114 | |
| Select group hotkey | 80 | |
| Use ability | 26 | |
383 total
» units
| Peasant | 8 | |
| Footman | 14 | |
| Rifleman | 7 | |
29 total
» upgrades
| Defend | 1 | |
| Lumber Harvesting | 1 | |
| Long Rifles | 1 | |
| Gunpowder | 1 | |
| Armor | 1 | |
5 total
» buildings
| Altar of Kings | 1 | |
| Farm | 7 | |
| Barracks | 2 | |
| Keep | 1 | |
| Blacksmith | 1 | |
| Lumber Mill | 1 | |
| Castle | 1 | |
14 total
» build order
00:36 Altar of Kings
00:39 Farm
01:20 Barracks
01:22 Barracks
01:40 Farm
02:21 Farm
02:59 Farm
05:09 Keep
05:47 Farm
07:12 Blacksmith
07:16 Lumber Mill
07:39 Farm
07:41 Castle
10:45 Farm
team 2 (loser)
WarCreatesHeros (
pink | 26 APM | 273 actions | 10:32)
2 Blademaster
1 Wind Walk
1 Critical Strike
1 Demon Hunter
1 Mana Burn
» actions
| Build / train | 23 | |
| Enter build submenu | 14 | |
| Enter hero's abilities submenu | 3 | |
| Right click | 94 | |
| Select / deselect | 106 | |
| Use ability | 33 | |
273 total
» units
» buildings
| Altar of Storms | 1 | |
| Orc Burrow | 2 | |
| Barracks | 1 | |
| Voodoo Lounge | 1 | |
| War Mill | 1 | |
| Watch Tower | 5 | |
11 total
» build order
00:16 Altar of Storms
00:22 Orc Burrow
00:56 Barracks
01:08 Voodoo Lounge
01:34 Orc Burrow
01:54 War Mill
03:10 Watch Tower
03:47 Watch Tower
03:53 Watch Tower
04:50 Watch Tower
05:38 Watch Tower
» items
| Healing Salve | 2 | |
| Scroll of Speed | 1 | |
3 total
nMug0 (
purple | 78 APM | 634 actions | 08:09)
2 Demon Hunter
1 Mana Burn
1 Evasion
1 Naga Sea Witch
1 Frost Arrows
» actions
| Assign group hotkey | 14 | |
| Basic commands | 43 | |
| Build / train | 34 | |
| Enter build submenu | 9 | |
| Enter hero's abilities submenu | 3 | |
| Remove unit from queue | 1 | |
| Right click | 324 | |
| Select / deselect | 104 | |
| Select group hotkey | 83 | |
| Use ability | 19 | |
634 total
» units
» buildings
| Altar of Elders | 1 | |
| Moon Well | 3 | |
| Ancient of War | 2 | |
| Tree of Ages | 3 | |
| Hunter's Hall | 1 | |
10 total
» build order
00:04 Altar of Elders
00:18 Moon Well
00:32 Ancient of War
01:27 Moon Well
02:47 Moon Well
03:12 Tree of Ages
03:12 Tree of Ages
04:37 Hunter's Hall
05:09 Ancient of War
Rotor. (
teal | 98 APM | 1070 actions | 10:51)
3 Death Knight
2 Death Coil
1 Unholy Aura
1 Lich
1 Frost Nova
» actions
| Assign group hotkey | 13 | |
| Basic commands | 36 | |
| Build / train | 28 | |
| Enter build submenu | 13 | |
| Enter hero's abilities submenu | 5 | |
| Remove unit from queue | 6 | |
| Right click | 647 | |
| Select / deselect | 107 | |
| Select group hotkey | 185 | |
| Use ability | 30 | |
1070 total
» units
» buildings
| Graveyard | 1 | |
| Crypt | 1 | |
| Altar of Darkness | 1 | |
| Ziggurat | 9 | |
| Halls of the Dead | 1 | |
| Black Citadel | 1 | |
| Sacrificial Pit | 1 | |
| Boneyard | 2 | |
17 total
» build order
00:10 Graveyard
00:13 Crypt
00:45 Altar of Darkness
01:01 Ziggurat
01:37 Ziggurat
03:54 Halls of the Dead
05:11 Ziggurat
05:12 Ziggurat
06:47 Black Citadel
07:09 Ziggurat
07:42 Ziggurat
07:44 Ziggurat
09:25 Sacrificial Pit
10:27 Boneyard
10:28 Boneyard
10:32 Ziggurat
10:33 Ziggurat
jemco (
orange | 39 APM | 411 actions | 10:36)
2 Blood Mage
1 Flame Strike
1 Banish
1 Archmage
1 Blizzard
» actions
| Build / train | 36 | |
| Enter build submenu | 9 | |
| Enter hero's abilities submenu | 3 | |
| Give item / drop item | 2 | |
| Right click | 232 | |
| Select / deselect | 94 | |
| Use ability | 35 | |
411 total
» units
| Peasant | 10 | |
| Footman | 6 | |
| Sorceress | 4 | |
| Priest | 2 | |
22 total
» buildings
| Farm | 6 | |
| Altar of Kings | 1 | |
| Keep | 1 | |
| Lumber Mill | 1 | |
| Barracks | 1 | |
| Arcane Sanctum | 2 | |
| Arcane Vault | 1 | |
13 total
» build order
00:37 Farm
00:38 Farm
00:45 Altar of Kings
02:45 Keep
03:01 Lumber Mill
03:13 Farm
03:14 Farm
03:24 Barracks
04:25 Farm
04:26 Farm
05:49 Arcane Sanctum
05:58 Arcane Sanctum
06:52 Arcane Vault
» items
| Healing Salve | 1 | |
| Lesser Clarity Potion | 2 | |
| Potion of Healing | 2 | |
| Potion of Mana | 2 | |
7 total
Chat log
(00:18 / Allies) watuzi: ill melee
(00:19 / Allies) brucewillisusa: u guys wanna firelord rush?
(00:20 / Allies) brucewillisusa: lol
(00:26 / Allies) ASIANS_SMELLBAD: nah too lazy
(00:28 / Allies) watuzi: sound good
(00:32 / Allies) KoH_DarK: k
(00:32 / Allies) brucewillisusa: firelord rush is easy as shit
(00:33 / Allies) ASIANS_SMELLBAD: i dont give a shit
(00:34 / Allies) brucewillisusa: u jsut attack move
(00:35 / All) Rotor.: гл хф
(00:35 / Allies) ASIANS_SMELLBAD: if everyone wants
(00:36 / Allies) ASIANS_SMELLBAD: we can
(00:37 / Allies) brucewillisusa: adn mass tier 1
(00:37 / Allies) brucewillisusa: k
(00:39 / Allies) brucewillisusa: everyoen mass tier 1
(00:40 / Allies) ASIANS_SMELLBAD: ok
(00:42 / Allies) brucewillisusa: we get firelord
(00:43 / Allies) brucewillisusa: and hit a base
(00:43 / Allies) ASIANS_SMELLBAD: tier
(00:44 / Allies) ASIANS_SMELLBAD: 1
(00:56 / Allies) ASIANS_SMELLBAD: use my wisp
(00:56 / Allies) watuzi: lets do it
(01:01 / Allies) KoH_DarK: hh
(01:33 / Allies) brucewillisusa: therse our target
(01:36 / Allies) brucewillisusa: ill bring miltia for towers too
(02:20 / Allies) ASIANS_SMELLBAD: get
(02:21 / Allies) brucewillisusa: u guys dont even have a braracks yet
(02:22 / Allies) ASIANS_SMELLBAD: heroes
(02:28 / Allies) brucewillisusa: this isnt a hero harass strat guys
(02:30 / Allies) brucewillisusa: its an all in
(02:30 / Allies) brucewillisusa: rush
(02:38 / Allies) brucewillisusa: meet
(02:40 / Allies) brucewillisusa: and send all tier 1
(02:42 / Allies) brucewillisusa: to ur hero
(02:43 / Allies) brucewillisusa: keep sending
(02:56 / Allies) brucewillisusa: dotn hit
(02:57 / Allies) brucewillisusa: until
(02:59 / Allies) brucewillisusa: we have some fucking units
(03:00 / Allies) brucewillisusa: 1 archer
(03:03 / Allies) brucewillisusa: doesnt counter 4 armies
(03:15 / Allies) ASIANS_SMELLBAD: negro
(03:16 / Allies) ASIANS_SMELLBAD: they coming
(03:25 / Allies) brucewillisusa: spend all
(03:29 / Allies) brucewillisusa: k go
(03:30 / Allies) brucewillisusa: all
(03:34 / Allies) brucewillisusa: make ur summons
(03:35 / Allies) brucewillisusa: whenw e get there
(03:36 / Allies) brucewillisusa: gogogogog
(03:37 / Allies) brucewillisusa: GOGOGOGOGO
(03:38 / Allies) ASIANS_SMELLBAD: GO
(04:23 / All) nMug0: orange is noob gg
(04:50 / Allies) brucewillisusa: see
(04:51 / Allies) brucewillisusa: easy mode
(04:53 / All) ASIANS_SMELLBAD: GG
(04:54 / All) ASIANS_SMELLBAD: LEAVE
(04:55 / All) ASIANS_SMELLBAD: NOW
(05:13 / All) ASIANS_SMELLBAD: LEAVE NOW
(05:29 / Allies) ASIANS_SMELLBAD: behind
(06:26 / Allies) brucewillisusa: get the bm
(06:56 / Allies) brucewillisusa: get anti air now
(06:57 / Allies) brucewillisusa: and we won
(07:49 / All) ASIANS_SMELLBAD: purple = no micro noob
(07:56 / All) brucewillisusa: hell i didn tmicro this game
(07:56 / All) brucewillisusa: rofl
(08:04 / All) nMug0: no point
(08:05 / All) nMug0: blue
(08:07 / All) nMug0: go fuck urself
(08:08 / All) nMug0: fag
(08:09 / All) nMug0: boi
(08:13 / All) ASIANS_SMELLBAD: lol
(08:14 / All) brucewillisusa: hes mad
(08:21 / Allies) brucewillisusa: am
(08:23 / Allies) brucewillisusa: get am
(09:26 / Allies) brucewillisusa: soulburn the bm
(09:46 / All) ASIANS_SMELLBAD: teal must be new
(10:46 / Allies) brucewillisusa: nice
(10:49 / Allies) brucewillisusa: soulburn got the kill